 Dungeon Crawl Stone Soup version 0.31.0-12-g77e489cdc1 (webtiles) character file.

Game seed: 3574381260678388115

366 Bobsterar the Changeling (level 6, -3/31 HPs)
             Began as an Octopode Shapeshifter on Mar 7, 2024.
             Slain by a kobold brigand
             ... wielding a +0 rapier of chaos
              (6 damage)
             ... on level 4 of the Dungeon.
             The game lasted 00:04:22 (2446 turns).

Bobsterar the Changeling (Octopode Shapeshifter)    Turns: 2446, Time: 00:04:22

Health: -3/31      AC:  1    Str: 16    XL:     6   Next: 68%
Magic:  9/9        EV: 14    Int: 12    God:
Gold:   173        SH:  0    Dex: 11    Spells: 9/9 levels left

rFire   . .          .
                       - Unarmed
rCold   . . .        a - melded orb {light}
rNeg    . . .        (helmet restricted)
rPois   .            (no amulet)
rElec   .            (no ring)
rCorr   .            (no ring)
SInv    .            (no ring)
Will    .....        (no ring)
Stlth   +            (no ring)
HPRegen 0.25/turn    (no ring)
MPRegen 0.11/turn    (no ring)
                     (no ring)

%: no passive effects
@: mighty, flux-form, weak-willed, grasped by roots, hasted, glowing,
constricted, very quick
A: glow, contaminating, reduced hp, almost no armour, amphibious, 8 rings,
camouflage 1, gelatinous body 1, (nimble swimmer 1), tentacles
a: Begin Untransformation


You were on level 4 of the Dungeon.
You were something dangerously unstable.
You visited 2 branches of the dungeon, and saw 5 of its levels.

You collected 173 gold pieces.

Inventory:

Armour
 a - an orb of light (melded)
Talismans
 b - a beast talisman
 c - a flux talisman (active)
Scrolls
 g - a scroll of noise
Potions
 d - 2 potions of brilliance
 i - a potion of haste
 k - a potion of enlightenment {unknown}


   Skills:
 + Level 2.8 Fighting
 + Level 3.3 Dodging
 + Level 3.9 Unarmed Combat
 + Level 2.1 Spellcasting
 * Level 4.6 Shapeshifting


You had 9 spell levels left.
You didn't know any spells.
Your spell library was empty.

Dungeon Overview and Level Annotations

Branches:
Dungeon (4/15)             Temple (1/1) D:4

Altars:
Fedhas
Kikubaaqudgha
Nemelex Xobeh
Okawaru
Sif Muna
Uskayaw
Wu Jian
Zin
The Shining One

Shops:
D:4 (

Annotations:
D:4 Bobsterar's ghost, amateur OpSh


Innate Abilities, Weirdness & Mutations

You are something dangerously unstable.
You glow with magical radiation, making you easy to see and hit.
Foes you strike become dangerously contaminated with magical radiation.
Your maximum health is decreased, since you lack skill for your form.
You are incapable of wielding weapons or throwing items.
You cannot wear most types of armour.
You are amphibious.
You can wear up to eight rings at the same time.
Your skin changes colour to match your surroundings (Stealth+).
Your rubbery body absorbs attacks. (AC +1, EV +1)
((You are camouflaged when in or above water. (Stealth+)))
You have tentacles for arms and can constrict up to eight enemies at once.


Message History

A nearby fungus withers and dies.
A nearby plant withers and dies.
A nearby plant withers and dies.
Done exploring.
As you read the scroll labelled QORCHO KUNKUIWO, it crumbles to dust.
A wave of despondency washes over your surroundings.
It was a scroll of vulnerability.
The air fills with toxic fumes!
As you read the scroll labelled UCAAWU JUYRRAPS, it crumbles to dust.
It was a scroll of poison.
The kobold shouts!
It was a potion of might.
You feel very mighty all of a sudden.
Bobsterar's ghost briefly looks inexplicably like a stone statue.
You open the gate.
The kobold zaps a wand.
The roots erupt in riotous growth!
The grasping roots grab you!
The kobold brigand is unaffected.
The grasping roots constrict you.
You bludgeon Bobsterar's ghost!
Bobsterar's ghost begins to glow.
Bobsterar's ghost is lightly damaged.
The kobold brigand hits you with a +0 rapier of chaos!
You are poisoned.
The grasping roots constrict you. Bobsterar's ghost hits you.
You are too injured to fight recklessly!
You are too injured to fight recklessly!
You feel better. The kobold brigand closely misses you.
The grasping roots constrict you. Bobsterar's ghost hits you!
* * * LOW HITPOINT WARNING * * *
The grasping roots release their grip on you.
You barely miss Bobsterar's ghost.
Bobsterar's ghost is lightly damaged.
The kobold brigand completely misses you.
The kobold zaps a wand.
The roots erupt in riotous growth!
Bobsterar's ghost is unaffected.
The kobold is unaffected. x3
The kobold brigand is unaffected.
The kobold is unaffected.
The grasping roots grab you! The grasping roots constrict you.
* * * LOW HITPOINT WARNING * * *
Bobsterar's ghost closely misses you.
It was a potion of haste.
You feel yourself speed up.
The kobold brigand hits you with a +0 rapier of chaos.
You die...

## #.# #.# #.# #.# #†# ##.#
##########.# #.# #..##
...........# #.# #.#..
.#########.# #### #.# #.#.#
.# #...#####☼§# #.# #.#.#
.#### #.###.8P##§# #.# #.#.#
....###.##...KK#§# #.# #.#.#
.##.##..#..###KKp## #.#
#.#.# .##.....#...KKKW§§###
#.###.#.#
.#####..#..###KK§§§§#
#..##.#.# .#
##.##.....#§☼#§######.##.#.#
.#
#.###.8.##§§#§§§..........#
## #.#
#####§§☼§.☼§§.......### #.#
############.####
#.##################.#
#....................#


You could see a kobold brigand, Bobsterar's ghost (contam) and 8 kobolds.

Vanquished Creatures
  3 scorpions (D:4)
  2 hounds (D:4)
  An orc priest (D:3)
  A sleepcap (D:3)
  2 adders
  A ribbon worm (D:3)
  3 orcs (D:3)
  4 ball pythons
  6 endoplasms
  A giant cockroach (D:4)
  6 goblins
  5 hobgoblins
  2 jackals (D:4)
  9 kobolds
  4 quokkas
  4 bats
  3 frilled lizards
  2 rats (D:1)
59 creatures vanquished.

Notes
Turn   | Place    | Note
-------+----------+-------------------------------------------
     0 | D:1      | Bobsterar the Octopode Shapeshifter began the quest for the
                  | Orb.
     0 | D:1      | Reached XP level 1. HP: 13/13 MP: 1/1
   126 | D:1      | Reached XP level 2. HP: 16/18 MP: 2/2
   765 | D:2      | Reached XP level 3. HP: 23/23 MP: 3/3
   803 | D:2      | You fall into a shaft and drop 2 floors!
   974 | D:3      | Reached skill level 1 in Spellcasting
  1026 | D:3      | Reached XP level 4. HP: 22/29 MP: 5/5
  1292 | D:3      | Found a glowing silver altar of Zin.
  1674 | D:4      | Found a staircase to the Ecumenical Temple.
  1684 | D:4      | Noticed a scorpion
  1693 | D:4      | Killed a scorpion
  1694 | D:4      | Reached skill level 4 in Shapeshifting
  1694 | D:4      | Reached XP level 5. HP: 32/34 MP: 5/7
  1696 | Temple   | Entered the Ecumenical Temple
  1854 | D:4      | Found Pailo's Antique Weapon Boutique.
  1995 | D:4      | Reached XP level 6. HP: 29/41 MP: 8/8
  2429 | D:4      | Found a runed translucent gate.
  2429 | D:4      | Found a runed translucent gate.
  2432 | D:4      | Found a runed translucent gate.
  2432 | D:4      | Noticed Bobsterar's ghost (amateur OpSh)
  2446 | D:4      | Slain by a kobold brigand

Illustrated notes

Levels and vault maps discovered:
D:1:      denvon_arrival_waterhouse, layout_basic
D:2:      layout_basic
D:3:      layout_loops_ring, overflow_temple_1_default
D:4:      layout_loops_ring, minmay_temple_entry_ruins,
          gammafunk_ghost_nasty_kobolds, serial_shops,
          nicolae_shop_advertising_works [nicolae_subvault_shop_adworks]
Temple:   hellmonk_temple_of_storms

Skill      XL: |  1  2  3  4  5  6 |
---------------+-------------------+-----
Spellcasting   | 1 2 |  2.1
Fighting       | 2 |  2.8
Shapeshifting  | 4 |  4.6
Dodging        | 3 |  3.3
Unarmed Combat | |  3.9

Action                     |  1- 3 |  4- 6 || total
---------------------------+-------+-------++-------
  Melee: Unarmed           |    47 |    77 ||   124
         Constrict         |    11 |    15 ||    26
         Tentacles         |     9 |     8 ||    17
         Punch             |     1 |     2 ||     3
    Use: Scroll            |       |     5 ||     5
         Potion            |       |     5 ||     5
   Stab: Sleeping          |     5 |     4 ||     9
 Armour: Skin              |    16 |    63 ||    79
  Dodge: Dodged            |    17 |    51 ||    68
   Form: Flux              |     1 |     1 ||     2
         Beast             |     1 |       ||     1
